 Dungeon Crawl Stone Soup version 0.29-a0-330-g52719c12eb (webtiles) character file.

Game seed: 1984627979379328895

8394 kae the Arsonist (level 10, -7/69 HPs)
             Began as a Demigod Fire Elementalist on Apr 30, 2022.
             Mangled by a two-headed ogre
             ... wielding a +0 great mace
              (12 damage)
             ... on level 9 of the Dungeon.
             The game lasted 00:10:09 (14417 turns).

kae the Arsonist (Demigod Fire Elementalist)       Turns: 14417, Time: 00:10:09

Health: -7/69      AC:  6    Str:  6 (7)  XL:     10   Next: 83%
Magic:  0/26       EV: 11    Int: 28 (29) God:
Gold:   232        SH:  4    Dex: 10 (14) Spells: 13/26 levels left

rFire   + . .      SeeInvis .   (no weapon)
rCold   . . .      Faith    .   f - +0 buckler
rNeg    . . .      Spirit   +   y - +2 robe {rF+}
rPois   +          Reflect  .   (no helmet)
rElec   .          Harm     .   (no cloak)
rCorr   .          Rampage  .   (no gloves)
Will    +....                   (no boots)
Stlth   ++........              l - amulet of guardian spirit
HPRegen 0.21/turn               n - ring of flight
MPRegen 0.20/turn               v - ring of poison resistance

@: flying
A: high MP 1, forlorn, divine attributes, iridescent scales 1, deterioration 1,
weak 1
a: no special abilities


You were on level 9 of the Dungeon.
You visited 1 branch of the dungeon, and saw 9 of its levels.
You also visited: Sewer and Ossuary.

You collected 439 gold pieces.
You spent 207 gold pieces at shops.

Inventory:

Armour
 a - a +0 robe
 f - a +0 buckler (worn)
 y - a +2 robe of fire resistance (worn)
 z - a +1 robe of the Archmagi
Jewellery
 h - a ring of ice
 l - an amulet of guardian spirit (around neck)
 n - a ring of flight (left hand)
 q - a ring of protection from cold
 r - a +6 ring of dexterity
 v - a ring of poison resistance (right hand)
 C - a ring of see invisible
 D - a ring of willpower
Wands
 m - a wand of polymorph (7)
 p - a wand of iceblast (15)
Scrolls
 k - 3 scrolls of enchant weapon
 s - 3 scrolls of identify
 u - 2 scrolls of fog
 w - 2 scrolls of magic mapping
 A - a scroll of amnesia
 B - 2 scrolls of immolation
Potions
 b - 3 potions of degeneration
 c - a potion of attraction
 d - 3 potions of curing
 e - 4 potions of brilliance
 g - 2 potions of haste
 i - a potion of flight
 j - 4 potions of mutation
 o - 3 potions of heal wounds
 t - 3 potions of cancellation


   Skills:
 - Level 1.7 Dodging
 - Level 1.7 Stealth
 - Level 3.0 Shields
 + Level 8.5 Spellcasting
 + Level 9.0 Conjurations
 + Level 9.4 Fire Magic


You had 13 spell levels left.
You knew the following spells:

 Your Spells              Type           Power      Damage    Failure   Level
a - Foxfire               Conj/Fire      100%       2x1d9     1%          1
b - Scorch                Fire           100%       2d10      1%          2
c - Conjure Flame         Conj/Fire      59%        6-21      1%          3
d - Inner Flame           Hex/Fire       38%        N/A       2%          3
e - Flame Wave            Conj/Fire      59%        2d11      1%          4

Your spell library contained the following spells:

 Spells                   Type           Power      Damage    Failure   Level
 Stone Arrow              Conj/Erth      74%        3d11      3%          3
 Mephitic Cloud           Conj/Pois/Air  28%        N/A       5%          3
 Poisonous Vapours        Pois/Air       22%        N/A       10%         2
 Lightning Bolt           Conj/Air       18%        1d33      26%         5


Dungeon Overview and Level Annotations

Branches:
Dungeon (9/15)             Temple (0/1) D:7           Sewer (visited)
Ossuary (visited)
   Lair: D:8-11         Orc: D:9-12

Shops:
D:2 [   D:6 ?

Annotations:
D:2 1 runed translucent door, Crazy Yiuf
D:5 Eustachio
D:7 exclusion: statue
D:8 1 runed translucent door, Protee's ghost, novice DjIE


Innate Abilities, Weirdness & Mutations

You have an increased reservoir of magic. (+10% MP)
You shall have no god before yourself.
Your divine heritage dramatically boosts your attributes as you level up.
You are partially covered in iridescent scales. (AC +2)
Your body sometimes deteriorates upon taking damage.
You are weak. (Str -2)


Message History

The two-headed ogre is almost dead.
The two-headed ogre's fire resistance burns away.
The two-headed ogre closely misses you. You block the two-headed ogre's attack.
The two-headed ogre hits you with a +0 great mace!
The two-headed ogre misses you.
Casting: Scorch (safe; 1% risk of failure)
Confirm with . or Enter, or press ? or * to list all spells.
Flames lash the gnoll.
The gnoll is almost dead.
The gnoll's fire resistance burns away.
The two-headed ogre hits you with a +0 great mace!!
* * * LOW HITPOINT WARNING * * *
Your body deteriorates!
You feel clumsy.
The two-headed ogre hits you with a +0 giant club.
* * * LOW HITPOINT WARNING * * *
You hear a shout!
Casting: Scorch (safe; 1% risk of failure)
Confirm with . or Enter, or press ? or * to list all spells.
You don't have enough magic to cast this spell.
Casting: Scorch (safe; 1% risk of failure)
Confirm with . or Enter, or press ? or * to list all spells.
You conjure some foxfire!
The two-headed ogre misses you. The two-headed ogre barely misses you.
The foxfire hits the two-headed ogre.
The two-headed ogre is burned terribly!
The two-headed ogre is almost dead.
The foxfire hits the two-headed ogre.
The two-headed ogre is almost dead.
Casting: Foxfire (safe; 1% risk of failure)
Confirm with . or Enter, or press ? or * to list all spells.
You conjure some foxfire!
The two-headed ogre is no longer more vulnerable to fire.
The two-headed ogre barely misses you.
The two-headed ogre hits you with a +0 giant club!
* * * LOW HITPOINT WARNING * * *
The foxfire hits the two-headed ogre but does no damage.
The two-headed ogre is almost dead.
The foxfire hits the two-headed ogre but does no damage.
The two-headed ogre is almost dead.
The two-headed ogre hits you with a +0 great mace!
You die...

#######
#gg§O@######.
#g###.§......
#.# #########
#.# ... #..
#... ....
...g.


You could see a two-headed ogre, a gnoll sergeant and 2 gnolls.

Vanquished Creatures
  Erica (D:8)
  Pikel (D:8)
  An unseen horror (D:7)
  A troll (D:8)
  2 hornets
  Sigmund (D:2)
  18 yaks (D:8)
  Menkaure (Ossuary)
  An acid dragon (D:9)
  Duvessa (D:5)
  4 orc warriors
  3 black bears
  2 ice beasts (D:7)
  An ogre (D:6)
  4 lemures (D:8)
  A phantom (D:6)
  6 bullfrogs
  A necrophage (D:4)
  2 scorpions (D:6)
  7 wights
  5 killer bees
  Dowan (D:5)
  3 howler monkeys
  5 hounds
  6 orc priests
  A jelly (D:6)
  A gnoll shaman (D:8)
  An iguana (D:4)
  Ijyb (D:5)
  10 orc wizards
  4 mummies
  3 gnolls (D:7)
  12 adders
  A shadow imp (D:6)
  2 white imps (D:8)
  A worm (D:5)
  3 dart slugs
  23 orcs
  11 endoplasms
  12 giant cockroaches
  5 gnoll zombies (Ossuary)
  15 goblins
  9 hobgoblins
  3 jackals (D:3)
  15 quokkas
  10 ball pythons
  A bat (D:1)
  20 frilled lizards
  4 gnoll skeletons (Ossuary)
  3 goblin skeletons (Ossuary)
  5 goblin zombies (Ossuary)
  4 hobgoblin skeletons (Ossuary)
  3 hobgoblin zombies (Ossuary)
  5 kobolds
  5 kobold skeletons (Ossuary)
  3 kobold zombies (Ossuary)
  4 orc skeletons (Ossuary)
  4 orc zombies (Ossuary)
  10 rats
  5 rat skeletons (Ossuary)
  5 rat zombies (Ossuary)
303 creatures vanquished.

Vanquished Creatures (others)
  1104 foxfires
  4 fungi (D:9)
  4 plants (D:9)
1112 creatures vanquished.

Grand Total: 1415 creatures vanquished

Notes
Turn   | Place    | Note
-------+----------+-------------------------------------------
     0 | D:1      | kae the Demigod Fire Elementalist began the quest for the
                  | Orb.
     0 | D:1      | Reached XP level 1. HP: 14/14 MP: 5/5
   186 | D:1      | Reached skill level 1 in Conjurations
   614 | D:1      | Reached XP level 2. HP: 20/20 MP: 5/7
   617 | D:1      | Learned a level 2 spell: Scorch
  1070 | D:2      | Reached XP level 3. HP: 20/26 MP: 2/8
  1195 | D:2      | Noticed Sigmund
  1208 | D:2      | Killed Sigmund
  1209 | D:2      | Reached XP level 4. HP: 26/33 MP: 3/11
  1209 | D:2      | Reached XP level 5. HP: 30/38 MP: 3/12
  1374 | D:2      | Learned a level 3 spell: Conjure Flame
  1439 | D:2      | Learned a level 3 spell: Inner Flame
  1749 | D:2      | Found a runed translucent door.
  1757 | D:2      | Noticed Crazy Yiuf
  1889 | D:2      | Found Zuyl's Antique Armour Shop.
  3463 | D:4      | Reached XP level 6. HP: 33/45 MP: 7/13
  4334 | D:5      | Entered Level 5 of the Dungeon
  4571 | D:5      | Noticed Eustachio
  4583 | D:5      | Gained mutation: You are weak. (Str -2) [potion of
                  | mutation]
  4583 | D:5      | Gained mutation: Your body sometimes deteriorates upon
                  | taking damage. [potion of mutation]
  4583 | D:5      | Gained mutation: You are partially covered in iridescent
                  | scales. (AC +2) [potion of mutation]
  4754 | D:5      | Noticed Ijyb
  4769 | D:5      | Killed Ijyb
  5192 | D:5      | Noticed Duvessa
  5199 | D:5      | Noticed Dowan
  5211 | D:5      | Killed Duvessa
  5212 | D:5      | Reached XP level 7. HP: 50/50 MP: 6/16
  5215 | D:5      | Killed Dowan
  5629 | D:6      | Reached skill level 5 in Fire Magic
  5672 | D:6      | Found a glowing drain.
  5735 | Sewer    | Entered a sewer
  6524 | D:6      | Learned a level 4 spell: Flame Wave
  6588 | D:6      | Reached XP level 8. HP: 23/57 MP: 0/18
  6924 | D:6      | Reached skill level 5 in Conjurations
  6928 | D:6      | Reached skill level 5 in Spellcasting
  7241 | D:6      | Found Locyas Xopra's Magic Scroll Boutique.
  7257 | D:6      | Bought a scroll of identify for 26 gold pieces
  7257 | D:6      | Bought a scroll of blinking for 97 gold pieces
  7257 | D:6      | Bought a scroll of magic mapping for 45 gold pieces
  7257 | D:6      | Bought a scroll of teleportation for 39 gold pieces
  7796 | D:7      | Noticed a hornet
  7804 | D:7      | Killed a hornet
  8009 | D:7      | Found a staircase to the Ecumenical Temple.
  8072 | D:7      | Killed an unseen horror
  8303 | D:7      | Found a large runed translucent door.
  8304 | D:7      | Found a large runed translucent door.
  8359 | D:7      | Reached XP level 9. HP: 40/62 MP: 5/21
  9800 | D:8      | Found a runed translucent door.
  9800 | D:8      | Noticed Protee's ghost (novice DjIE)
 10030 | D:8      | HP: 1/62 [yak (9)]
 10112 | D:8      | Found a sand-covered staircase.
 10176 | Ossuary  | Entered an ossuary
 11240 | Ossuary  | Noticed Menkaure
 11249 | Ossuary  | Killed Menkaure
 11716 | D:8      | Reached XP level 10. HP: 58/69 MP: 9/25
 12909 | D:8      | Noticed Erica
 12912 | D:8      | Noticed Pikel
 12943 | D:8      | Killed Erica
 13314 | D:8      | Killed Pikel
 13894 | D:8      | Got the Papyrus of the Feathery Rocks
 14182 | D:9      | Noticed a two-headed ogre
 14417 | D:9      | Mangled by a two-headed ogre

Illustrated notes

Levels and vault maps discovered:
D:1:      heliophobic_arrival_battle_scene, layout_rooms
D:2:      layout_loops_ring, serial_shops, nicolae_shop_overgrown_old_shop,
          kennysheep_cross_room, uniq_crazy_yiuf_cottage, uniq_sigmund
D:3:      minmay_skewed_foursquare, layout_basic, mainiacjoe_overflow_alcove_1,
          serial_curves, eino_curves_01, eino_curves_03,
          shapermc_ecumenical_altar_notcrosses, kennysheep_generic_room_7
D:4:      layout_rooms, gammafunk_temple_overflow_wave, lightli_temple_of_fire,
          dk_noncrumbling_2
D:5:      layout_loops_ring, chequers_serial_rivers_large_a, uniq_ijyb,
          uniq_eustachio, uniq_duvessa
D:6:      layout_basic, mainiacjoe_overflow_catwalk, gup_sewer_entry_pipe,
          serial_shops, nicolae_square_shop, hangedman_decor_diamond_cutter,
          minmay_ogre_servants
D:7:      layout_basic, vehumet_statue, jmf_multi_god_temple2, temple_pool_b
D:8:      layout_loops_cross, kennysheep_mini_moat, gup_ossuary_entry_pyramid,
          hellmonk_ghost_happy_afterlife, minmay_bent, uniq_erica, uniq_pikel
D:9:      layout_loops_ring, nicolae_ru_the_path_less_chosen

Skill      XL: |  1  2  3  4  5  6  7  8  9 10 |
---------------+-------------------------------+-----
Conjurations   | 1 2 3 4 6 7 9 |  9.0
Spellcasting   | 2 3 4 6 7 8 |  8.5
Fire Magic     | 3 4 5 6 8 9 |  9.4
Shields        | 2 3 |  3.0
Dodging        | |  1.7
Stealth        | |  1.7

Action                   |  1- 3 |  4- 6 |  7- 9 | 10-12 || total
-------------------------+-------+-------+-------+-------++-------
Melee: Unarmed           |       |     1 |    52 |    17 ||    70
 Cast: Foxfire           |    49 |   142 |   383 |    82 ||   656
       Scorch            |       |    19 |    58 |    44 ||   121
       Conjure Flame     |       |     1 |    14 |    11 ||    26
       Flame Wave        |       |       |     5 |     4 ||     9
  Use: Scroll            |     2 |     8 |    11 |     4 ||    25
       Potion            |       |     3 |    11 |       ||    14
Armor: Robe              |     4 |    22 |    82 |    19 ||   127
Dodge: Dodged            |    27 |    48 |   135 |    46 ||   256
Block: Buckler           |     2 |    13 |    53 |    26 ||    94

Table legend: (Time is in decaauts)
 A = Elapsed time spent in this place.
 B = Non-inter-level travel time spent in this place.
 C = Inter-level travel time spent in this place.
 D = Time resting spent in this place.
 E = Time spent auto-exploring this place.
 F = Levels seen in this place.
 G = Mean time per level.
                   A        B        C        D        E       F      G
               +--------+--------+--------+--------+--------+-----+--------+
         Total |  14419 |  14076 |    343 |   1409 |  10158 |  11 | 1310.8 |
       Dungeon |  12377 |  12034 |    343 |   1239 |   8823 |   9 | 1375.2 |
         Sewer |    781 |    781 |      0 |      0 |    577 |   1 |  781.0 |
       Ossuary |   1260 |   1260 |      0 |    170 |    758 |   1 | 1260.0 |
               +--------+--------+--------+--------+--------+-----+--------+

Top non-repeatable levels by time:
     D:8: 3071 daAuts
     D:7: 2007 daAuts
     D:6: 1489 daAuts
     D:2: 1299 daAuts
 Ossuary: 1260 daAuts
     D:5: 1196 daAuts
     D:3: 1138 daAuts
     D:1: 1012 daAuts
     D:4: 883 daAuts
   Sewer: 781 daAuts
     D:9: 280 daAuts
